 Dungeon Crawl Stone Soup version 0.25-a0-1024-gbfbf38f (webtiles) character file.

Game seed: 12269351256652647133, levelgen mode: deterministic

65 Illumine the Magician (level 3, -1/20 HPs)
             Began as a Deep Elf Fire Elementalist on May 12, 2020.
             Slain by a rat (2 damage)
             ... on level 3 of the Dungeon.
             The game lasted 00:04:41 (2590 turns).

Illumine the Magician (Deep Elf Fire Elementalist)  Turns: 2590, Time: 00:04:41

Health: -1/20      AC:  3    Str:  5    XL:     3   Next: 92%
Magic:  5/10       EV: 13    Int: 20    God:
Gold:   96         SH:  0    Dex: 15    Spells: 5/9 levels left

rFire    . . .     SeeInvis .   o - -3 long sword (curse)
rCold    . . .     Gourm    .   (no shield)
rNeg     . . .     Faith    .   a - +0 robe
rPois    .         Spirit   .   (no helmet)
rElec    .         Reflect  .   t - +0 cloak
rCorr    .         Harm     .   (no gloves)
MR       .....                  (no boots)
Stlth    ++........             (no amulet)
HPRegen  0.06/turn              (no ring)
MPRegen  0.12/turn              (no ring)

@: no status effects
A: no striking features
a: no special abilities


You were on level 3 of the Dungeon.
You were not hungry.

You visited 1 branch of the dungeon, and saw 3 of its levels.

You collected 96 gold pieces.

Inventory:

Hand Weapons
 f - a +0 short sword
 o - a cursed -3 long sword (weapon)
Missiles
 b - 119 stones
 l - 8 silver boomerangs (quivered)
Armour
 a - a +0 robe (worn)
 t - a +0 cloak (worn)
Wands
 r - a wand of paralysis (9)
Scrolls
 d - a scroll of amnesia {unknown}
 h - 4 scrolls of enchant armour {unknown}
 i - a scroll of identify
 j - a scroll of teleportation {unknown}
 k - a scroll of magic mapping {unknown}
 m - a scroll of enchant weapon {unknown}
 n - a scroll of remove curse {unknown}
 q - a scroll of immolation {unknown}
Potions
 e - a potion of curing
 g - a potion of magic
 p - a potion of mutation {unknown}
Comestibles
 c - 3 rations
 s - 8 chunks of flesh


   Skills:
 * Level 1.0 Fighting
 + Level 2.6 Dodging
 - Level 2.9 Stealth
 + Level 3.9 Spellcasting
 + Level 1.7 Conjurations
 + Level 3.9 Fire Magic


You had 5 spell levels left.
You knew the following spells:

 Your Spells              Type           Power        Failure   Level  Hunger
a - Foxfire               Conj/Fire      ###.         4%          1    None
b - Conjure Flame         Conj/Fire      ###.....     12%         3    ###....

Your spell library contained the following spells:

 Spells                   Type           Power        Failure   Level  Hunger
 Inner Flame              Hex/Fire       ##......     17%         3    ###....
 Sticky Flame             Conj/Fire      ###.....     36%         4    ####...
 Fireball                 Conj/Fire      ###.......   73%         5    ######.


Dungeon Overview and Level Annotations

Branches:
Dungeon (3/15)

Altars:


Message History

The bullfrog barely misses you.
The jackal skeleton bites you but does no damage.
Casting: Foxfire (safe; 4% risk of failure)
Confirm with . or Enter, or press ? or * to list all spells.
You conjure some foxfire!
The bullfrog hits you.
* * * LOW HITPOINT WARNING * * *
The rat bites you.
* * * LOW HITPOINT WARNING * * *
The jackal skeleton completely misses you.
The foxfire hits the bullfrog.
The bullfrog is almost dead.
The foxfire hits the bullfrog.
The bullfrog is almost dead.
The bullfrog closely misses you.
Casting: Foxfire (safe; 4% risk of failure)
Confirm with . or Enter, or press ? or * to list all spells.
You conjure some foxfire!
The bullfrog hits you.
* * * LOW HITPOINT WARNING * * *
The rat bites you.
You die...

#.# #...# #..###
#...# #.
#...####...####...
#####.....##'##......
#.................#
#..........##.##.##
#.....§Z...##.# .
#.....vr......#..
#..>.v@Fg..#..#.##
######.##.###.... #
#.##.# ###.## #.##.#
#..# ### #.##.####.##
#..
#.##......######.#
#.##..##......#...
#.###.####.)#.....
#)##.....##.......


You could see a bullfrog, a hobgoblin, a rat and a jackal skeleton.

Vanquished Creatures
  An adder (D:2)
  A worm (D:2)
  A dart slug (D:2)
  A leopard gecko (D:2)
  4 bats
  A giant cockroach (D:1)
  9 goblins
  6 hobgoblins
  4 jackals (D:1)
  A quokka (D:3)
  A ball python (D:3)
  4 frilled lizards
  7 kobolds
  5 rats
46 creatures vanquished.

Vanquished Creatures (collateral kills)
  A rat (D:1)
1 creature vanquished.

Vanquished Creatures (others)
  107 foxfires
107 creatures vanquished.

Grand Total: 154 creatures vanquished

Notes
Turn   | Place    | Note
-------+----------+-------------------------------------------
     0 | D:1      | Illumine the Deep Elf Fire Elementalist began the quest for
                  | the Orb.
     0 | D:1      | Reached XP level 1. HP: 10/10 MP: 6/6
     0 | D:1      | Noticed a minotaur zombie
    16 | D:1      | Noticed a minotaur zombie
   456 | D:1      | Reached XP level 2. HP: 15/15 MP: 2/8
  1692 | D:2      | Reached XP level 3. HP: 20/20 MP: 8/10
  1713 | D:2      | Learned a level 3 spell: Conjure Flame
  2573 | D:3      | Noticed a bullfrog
  2581 | D:3      | Reached skill level 1 in Fighting
  2590 | D:3      | HP: 1/20 [bullfrog (2)]
  2590 | D:3      | Slain by a rat

Illustrated notes

Levels and vault maps discovered:
D:1:      shiori_arrival_whats_in_store_for_you, layout_basic,
          serial_park_tiny_2
D:2:      cheibrodos_greedy_goblins, layout_loops_ring, kennysheep_cross_room
D:3:      layout_rooms, minmay_divided_ellipse

Skill      XL: |  1  2  3 |
---------------+----------+-----
Fighting       | 1 |  1.0
Dodging        | |  2.6
Stealth        | |  2.9
Spellcasting   | |  3.9
Conjurations   | |  1.7
Fire Magic     | |  3.9

Action                   || total
-------------------------++-------
Melee: Short sword       ||     6
       Long sword        ||     3
 Cast: Foxfire           ||    75
  Use: Scroll            ||     2
 Stab: Sleeping          ||     1
  Eat: Chunk             ||     5
Armor: Robe              ||     6
Dodge: Dodged            ||    26
       Rpst.: Long sword ||     4

Table legend:
 A = Non-vault XP
 B = Vault XP
 C = Vault XP percentage of total XP
 D = Non-vault monster count
 E = Vault monster count
 F = Vault count percentage of total count
                 A         B        C        D         E       F
            +---------+---------+-------+---------+---------+-------
      Total |      82 |      11 |  11.8 |      41 |       6 |  12.8
            +---------+---------+-------+---------+---------+-------
        D:1 |      33 |       0 |   0.0 |      21 |       0 |   0.0
        D:2 |      33 |      10 |  23.3 |      10 |       5 |  33.3
        D:3 |      16 |       1 |   5.9 |      10 |       1 |   9.1
            +---------+---------+-------+---------+---------+-------
